 Dungeon Crawl Stone Soup version 0.30-a0-989-g0d87f670db (webtiles) character file.

Game seed: 13029657190150205221

285 112233 the Grave Robber (level 6, -3/41 HPs)
             Began as a Demonspawn Necromancer on Apr 3, 2023.
             Slain by a water moccasin (7 damage)
             ... on level 4 of the Dungeon.
             The game lasted 00:03:09 (3916 turns).

112233 the Grave Robber (Demonspawn Necromancer)    Turns: 3916, Time: 00:03:10

Health: -3/41      AC:  4    Str:  8    XL:     6   Next: 7%
Magic:  3/12       EV: 12    Int: 18    God:
Gold:   193        SH:  0    Dex: 14    Spells: 3/13 levels left

rFire   . . .      SeeInvis .    b - +0 spear (heavy)
rCold   . . .      Faith    .    (no shield)
rNeg    . . .      Spirit   .    a - +0 robe
rPois   .          Reflect  .    (helmet restricted)
rElec   .          Rampage  .    (no cloak)
rCorr   .                        (no gloves)
Will    .....                    (no boots)
Stlth   ++                       (no amulet)
HPRegen 0.26/turn                (no ring)
MPRegen 0.13/turn                (no ring)

@: lethally poisoned (-3 -> -14)
A: antennae 1, thin metallic scales 1
a: no special abilities


You were on level 4 of the Dungeon.
You visited 1 branch of the dungeon, and saw 4 of its levels.

You collected 193 gold pieces.

Inventory:

Hand Weapons
 b - a +0 heavy spear (weapon)
 k - a +0 dagger of speed
Missiles
 g - 2 throwing nets
Armour
 a - a +0 robe (worn)
 j - a +0 buckler
 l - the +2 chain mail of Quufar {Fly rPois rF- Dex+2}
   (You found it on level 2 of the Dungeon)

   Dex:       It affects your dexterity (+2).
   rF:        It makes you vulnerable to fire.
   rPois:     It protects you from poison.
   Fly:       It grants you flight.
Jewellery
 c - a ring of wizardry
 n - an amulet of reflection
 r - a ring of willpower
Scrolls
 d - 2 scrolls of silence {unknown}
 e - a scroll of noise {unknown}
 f - 5 scrolls of teleportation {unknown}
 h - 5 scrolls of identify {unknown}
 i - a scroll of magic mapping {unknown}
 q - a scroll of blinking {unknown}
Potions
 m - a potion of degeneration {unknown}
 o - a potion of magic


   Skills:
 - Level 1.7 Dodging
 - Level 1.7 Stealth
 + Level 4.4 Spellcasting
 + Level 6.5 Necromancy


You had 3 spell levels left.
You knew the following spells:

 Your Spells              Type           Power      Damage    Failure   Level
a - Necrotise             Necr           100%       1d9       1%          1
b - Vampiric Draining     Necr           27%        2d7       3%          3
c - Sandblast             Erth           6%         2d5       14%         1
d - Agony                 Necr           27%        N/A       26%         5

Your spell library contained the following spells:

 Spells                   Type           Power      Damage    Failure   Level
 Ensorcelled Hibernation  Hex/Ice        6%         N/A       22%         2
 Passwall                 Tmut/Erth      2%         N/A       22%         2
 Spider Form              Tmut/Pois      3%         N/A       38%         3
 Stone Arrow              Conj/Erth      6%         3d7       38%         3
 Animate Dead             Necr           27%        N/A       10%         4
 Anguish                  Hex/Necr       7%         N/A       36%         4


Dungeon Overview and Level Annotations

Branches:
Dungeon (4/15)
 Temple: D:4-7

Altars:
Qazlal

Shops:
D:2 ?   D:3 *


Innate Abilities, Weirdness & Mutations

You have a pair of small antennae on your head.
You are partially covered in thin metallic scales. (AC +2)


Message History

You feel life coursing into your body. The water moccasin bites you.
Unknown command.
Unknown command.
The water moccasin attacks as you move away!
The water moccasin bites you!
You are poisoned.
The water moccasin poisons you!
You feel very sick. The water moccasin bites you.
Unknown command.
You closely miss the water moccasin.
The water moccasin is severely wounded.
You feel very sick. The water moccasin bites you. x2
* * * LOW HITPOINT WARNING * * *
You are lethally poisoned!
The water moccasin poisons you!
Unknown command.
Casting: Vampiric Draining (dangerous; 3% risk of failure)
Confirm with . or Enter, or press ? or * to list all spells.
Aiming: Vampiric Draining (dangerous; 3% risk of failure)
Press: ? - help, Shift-Dir - straight line, f/p - water moccasin
Aim: a water moccasin (severely wounded)
You draw life force from the water moccasin.
You feel life coursing into your body.
* * * LOW HITPOINT WARNING * * *
You feel very sick. The water moccasin bites you.
* * * LOW HITPOINT WARNING * * *
Casting: Vampiric Draining (dangerous; 3% risk of failure)
Confirm with . or Enter, or press ? or * to list all spells.
Aiming: Vampiric Draining (dangerous; 3% risk of failure)
Press: ? - help, Shift-Dir - straight line, f/p - water moccasin
Aim: a water moccasin (severely wounded)
You draw life force from the water moccasin.
You feel life coursing into your body.
* * * LOW HITPOINT WARNING * * *
You feel very sick. The water moccasin bites you!
You die...

......#♣...§..~P#
.<....#♣.......♣# .....#
......#♣#..÷..#♣ .....#
#'##..#♣PP÷).P# .....+
...####♣##.)#P♣ .....#
......#####)#### .....#
.......#..).##'###.....#
.......#.........#$....#
#..##..##..##...@SO....#
#####..##..##....#.....#
+..##..##..#.....#.......
#...#......##....#.......
#..##..######....##+###..
#..##..# #..... .
'......# ....... #......#
#.......# #......+


You could see a water moccasin and an ogre.

Vanquished Creatures
  A phantom (D:3)
  A kobold brigand (D:4)
  A gnoll (D:1)
  5 adders
  2 worms
  3 orcs
  10 ball pythons
  7 endoplasms
  7 giant cockroaches
  4 goblins
  6 hobgoblins
  2 jackals (D:2)
  A quokka (D:1)
  3 bats
  5 frilled lizards
  11 kobolds
  4 rats
73 creatures vanquished.

Vanquished Creatures (collateral kills)
  2 ball pythons (D:2)
  A goblin (D:2)
3 creatures vanquished.

Vanquished Creatures (others)
  7 plants
7 creatures vanquished.

Grand Total: 83 creatures vanquished

Notes
Turn   | Place    | Note
-------+----------+-------------------------------------------
     0 | D:1      | 112233 the Demonspawn Necromancer began the quest for the
                  | Orb.
     0 | D:1      | Reached XP level 1. HP: 13/13 MP: 3/3
    44 | D:1      | Gained mutation: You are partially covered in thin metallic
                  | scales. (AC +2) [demonic ancestry]
    44 | D:1      | Reached XP level 2. HP: 2/19 MP: 1/5
   935 | D:2      | Reached skill level 5 in Necromancy
   935 | D:2      | Reached XP level 3. HP: 24/24 MP: 5/7
  1021 | D:2      | Learned a level 3 spell: Vampiric Draining
  1242 | D:2      | Identified the +2 chain mail of Quufar {Fly rPois rF-
                  | Dex+2}
  1574 | D:2      | Found Duajofeg's Magic Scroll Shop.
  1632 | D:2      | Gained mutation: You have a pair of small antennae on your
                  | head. [demonic ancestry]
  1632 | D:2      | Reached XP level 4. HP: 30/30 MP: 1/8
  2595 | D:3      | Noticed a phantom
  2637 | D:3      | Killed a phantom
  2638 | D:3      | Reached skill level 6 in Necromancy
  2638 | D:3      | Reached XP level 5. HP: 10/35 MP: 10/10
  2738 | D:3      | Learned a level 1 spell: Sandblast
  2744 | D:3      | Learned a level 5 spell: Agony
  2751 | D:3      | Found Vetwuomp's Assorted Antiques.
  2838 | D:3      | Found a stormy altar of Qazlal.
  3782 | D:4      | Reached XP level 6. HP: 27/41 MP: 1/12
  3909 | D:4      | Noticed a water moccasin
  3916 | D:4      | Slain by a water moccasin

Illustrated notes

Levels and vault maps discovered:
D:1:      eino_arrival_water_star, layout_basic, corexii_corridor_pit
D:2:      minmay_thinvault, layout_basic, serial_shops, shop,
          minmay_shallow_snake_nest
D:3:      layout_loops_corners, mainiacjoe_overflow_alcove_4, serial_shops,
          nicolae_lakefront_shop, minivault_11, minmay_stone_trees_medium
D:4:      layout_gridville, nzn_overflow_gifts_of_might_and_magic,
          minmay_temple_entry_slanted, lexackson_kobold_supper

Skill      XL: |  1  2  3  4  5 |
---------------+----------------+-----
Necromancy     | 5 6 |  6.5
Spellcasting   | 3 4 |  4.4
Dodging        | |  1.7
Stealth        | |  1.7

Action                     |  1- 3 |  4- 6 || total
---------------------------+-------+-------++-------
  Melee: Spear             |     9 |    27 ||    36
   Cast: Necrotise         |    62 |    65 ||   127
         Vampiric Draining |       |     5 ||     5
    Use: Potion            |     1 |     3 ||     4
 Armour: Robe              |     3 |    27 ||    30
  Dodge: Dodged            |    12 |    36 ||    48

Table legend: (Time is in decaauts)
 A = Elapsed time spent in this place.
 B = Non-inter-level travel time spent in this place.
 C = Inter-level travel time spent in this place.
 D = Time resting spent in this place.
 E = Time spent auto-exploring this place.
 F = Levels seen in this place.
 G = Mean time per level.
                   A        B        C        D        E       F      G
               +--------+--------+--------+--------+--------+-----+--------+
         Total |   3939 |   3855 |     84 |    146 |   3229 |   4 |  984.8 |
       Dungeon |   3939 |   3855 |     84 |    146 |   3229 |   4 |  984.8 |
               +--------+--------+--------+--------+--------+-----+--------+

Top non-repeatable levels by time:
     D:3: 1411 daAuts
     D:2: 1298 daAuts
     D:1: 919 daAuts
     D:4: 310 daAuts
